 Dungeon Crawl Stone Soup version 0.26-a0-778-g3fe0686644 (webtiles) character file.

Game seed: 17400978805646516236

10 Talea the Skirmisher (level 2, -2/24 HPs)
             Began as a Demonspawn Abyssal Knight on Nov 10, 2020.
             Was a Follower of Lugonu.
             Slain by a hobgoblin (4 damage)
             ... on level 1 of the Dungeon.
             The game lasted 00:00:55 (319 turns).

Talea the Skirmisher (Demonspawn Abyssal Knight)     Turns: 319, Time: 00:00:55

Health: -2/24      AC:  3    Str: 12    XL:     2   Next: 10%
Magic:  4/4        EV:  6    Int: 13    God:    Lugonu [*.....]
Gold:   0          SH: 10    Dex: 12    Spells: 1/1 levels left

rFire    . . .     SeeInvis .   a - +1 mace
rCold    . . .     Faith    .   c - +0 tower shield
rNeg     . . .     Spirit   .   b - +0 leather armour
rPois    .         Reflect  .   (no helmet)
rElec    .         Harm     .   (no cloak)
rCorr    .         Rampage  .   (no gloves)
MR       .....                  (no boots)
Stlth    +.........             (no amulet)
HPRegen  0.08/turn              (no ring)
MPRegen  0.09/turn              (no ring)

@: no status effects
A: demonic guardian 1
a: Depart the Abyss, Renounce Religion


You were on level 1 of the Dungeon.
You worshipped Lugonu.
Lugonu was aware of your devotion.
You visited 1 branch of the dungeon, and saw 1 of its levels.
You visited the Abyss 1 time.

Inventory:

Hand Weapons
 a - a +1 mace (weapon)
Armour
 b - a +0 leather armour (worn)
 c - a +0 tower shield (worn)
   (You found it on level 1 of the Dungeon)


   Skills:
 + Level 3.1 Fighting
 + Level 2.0 Maces & Flails
 + Level 1.9 Armour
 - Level 1.0 Dodging
 + Level 0.2 Shields
 + Level 2.7 Invocations


You had one spell level left.
You didn't know any spells.
Your spell library was empty.

Dungeon Overview and Level Annotations

Branches:
Dungeon (1/15)

Altars:


Innate Abilities, Weirdness & Mutations

A weak demonic guardian rushes to your aid.


Message History

A bat and a hobgoblin come into view.
Health restored: 18 2 bats come into view.
The hobgoblin shouts!
The bat hits you but does no damage. x2; The bat moves out of view.
You closely miss the bat. The bat hits you but does no damage.
A bat comes into view.
A goblin comes into view.
You block the bat's attack.
The goblin shouts!
You hit the bat. The bat barely misses you.
The bat hits you but does no damage. x2; The bat barely misses you.
You hit the bat.
You block the bat's attack. x2; The bat barely misses you.
The bat hits you.
The hobgoblin hits you but does no damage.
You take 1 damage, and have 17/18 hp.
You hit the bat. You block the bat's attack.
The bat hits you but does no damage. The bat hits you.
The bat hits you but does no damage.
The hobgoblin hits you but does no damage.
You take 1 damage, and have 16/18 hp.
You hit the bat.
You kill the bat!
Lugonu accepts your kill. You block the bat's attack. The bat hits you.
The bat barely misses you. The bat hits you but does no damage.
You block the bat's attack. The hobgoblin hits you.
You take 5 damage, and have 11/18 hp.
MASSIVE DAMAGE!!
You block the bat's attack. The bat closely misses you.
The bat barely misses you. The hobgoblin hits you.
You take 3 damage, and have 8/18 hp.
The bat closely misses you. You block the bat's attack. x2
You block the bat's attack. x2
You block the bat's attack. The bat barely misses you.
You barely miss the bat. The bat hits you. You block the bat's attack.
You take 1 damage, and have 8/18 hp.
You hit the bat but do no damage. You block the bat's attack.
The bat barely misses you.
You barely miss the bat. You block the bat's attack.
The bat hits you but does no damage.
You barely miss the bat. The bat barely misses you. x2
You hit the bat but do no damage. The bat hits you but does no damage.
The bat barely misses you. You block the bat's attack.
You hit the bat.
You kill the bat!
Lugonu accepts your kill. You block the bat's attack. x2
You hit the bat.
You kill the bat!
Lugonu accepts your kill.
You have reached level 2!
Your demonic ancestry asserts itself...
You feel the presence of a demonic guardian.
You block the bat's attack. The bat hits you but does no damage.
You regained 3 hp, and now have 11/24 hp.
MP restored: 4 You closely miss the goblin.
The goblin hits you.
You take 3 damage, and have 8/24 hp.
You closely miss the goblin. You block the goblin's attack. x2
You hit the goblin. The goblin hits you.
* * * LOW HITPOINT WARNING * * *
You take 4 damage, and have 4/24 hp.
You barely miss the goblin. The goblin closely misses you. The goblin hits you.
* * * LOW HITPOINT WARNING * * *
You take 1 damage, and have 3/24 hp.
Unknown command.
Okay, then.
There is a stone staircase leading down here.
The bat hits you but does no damage. The bat closely misses you.
You block the bat's attack. You block the bat's attack.
You block the bat's attack. The bat barely misses you.
You hit the bat.
You kill the bat!
Lugonu accepts your kill.
You closely miss the goblin. You block the goblin's attack.
The goblin barely misses you.
Your shield prevents you from hitting the goblin.
The goblin hits you.
* * * LOW HITPOINT WARNING * * *
You block the goblin's attack.
You take 1 damage, and have 3/24 hp.
You closely miss the goblin. The goblin hits you.
* * * LOW HITPOINT WARNING * * *
You take 1 damage, and have 2/24 hp.
You miss the goblin. You block the goblin's attack.
The goblin hits you but does no damage.
You hit the goblin. You block the goblin's attack.
You barely miss the goblin. You block the goblin's attack.
The goblin hits you but does no damage.
You hit the goblin.
You kill the goblin!
Lugonu accepts your kill.
Your Maces & Flails skill increases to level 2!
The hobgoblin barely misses you.
You hit the hobgoblin. The hobgoblin hits you.
You die...

...
#####..######
............
...........
........
..... #..#
#@# #g## #..#
##.## #..#
#<.##
#.......#
#...#
#.......#
###.##
#.=.....#
#..#
#.......#


You could see a hobgoblin.

Vanquished Creatures
  A leopard gecko (D:1)
  4 bats (D:1)
  2 goblins (D:1)
  A hobgoblin (D:1)
8 creatures vanquished.

Notes
Turn   | Place    | Note
-------+----------+-------------------------------------------
     0 | Abyss:1  | Talea the Demonspawn Abyssal Knight began the quest for the
                  | Orb.
     0 | Abyss:1  | Reached XP level 1. HP: 18/18 MP: 2/2
    66 | Abyss:1  | Found a corrupted altar of Lugonu.
    75 | D:1      | Escaped the Abyss
    90 | D:1      | Reached skill level 1 in Dodging
   285 | D:1      | Gained mutation: A weak demonic guardian rushes to your
                  | aid. [demonic ancestry]
   285 | D:1      | Reached XP level 2. HP: 11/24 MP: 4/4
   288 | D:1      | HP: 4/24 [goblin (4)]
   313 | D:1      | HP: 3/24 [goblin (2)]
   318 | D:1      | Reached skill level 2 in Maces & Flails
   319 | D:1      | Slain by a hobgoblin

Illustrated notes

Levels and vault maps discovered:
D:1:      dpeg_arrival_tiny_a, layout_basic

Skill      XL: |  1  2 |
---------------+-------+-----
Dodging        | 1 |  1.0
Maces & Flails | 2 |  2.0
Fighting       | |  3.1
Armour         | |  1.9
Shields        | |  0.2
Invocations    | |  2.7

Action                   || total
-------------------------++-------
Melee: Mace              ||    36
Armor: Leather armour    ||    18
Dodge: Dodged            ||    24
Block: Tower shield      ||    29

Table legend: (Time is in decaauts)
 A = Elapsed time spent in this place.
 B = Non-inter-level travel time spent in this place.
 C = Inter-level travel time spent in this place.
 D = Time resting spent in this place.
 E = Time spent auto-exploring this place.
 F = Levels seen in this place.
 G = Mean time per level.
                   A        B        C        D        E       F      G
               +--------+--------+--------+--------+--------+-----+--------+
         Total |    333 |    333 |      0 |      0 |    230 |   2 |  166.5 |
       Dungeon |    258 |    258 |      0 |      0 |    161 |   1 |  258.0 |
         Abyss |     75 |     75 |      0 |      0 |     69 |   1 |   75.0 |
               +--------+--------+--------+--------+--------+-----+--------+

Top non-repeatable levels by time:
     D:1: 258 daAuts
 Abyss:1: 75 daAuts

Table legend:
 A = Kills in this place as a percentage of kills in entire the game.
 B = Kills by you in this place as a percentage of kills by you in the entire game.
 C = Kills by friends in this place as a percentage of kills by friends in the entire game.
 D = Other kills in this place as a percentage of other kills in the entire game.
 E = Experience gained in this place as a percentage of experience gained in the entire game.
 F = Experience gained in this place divided by the number of levels of this place that you have seen.
                   A       B       C       D       E      F
               +-------+-------+-------+-------+-------+----------------------
         Total | 100.0 | 100.0 |   N/A |   N/A | 100.0 |   7.5
       Dungeon | 100.0 | 100.0 |   N/A |   N/A | 100.0 |  15.0
               +-------+-------+-------+-------+-------+----------------------
